 Dungeon Crawl Stone Soup version 0.25-a0-424-g80bd347ae0 (webtiles) character file.

Game seed: 6748545452000935456, levelgen mode: deterministic

655 ReteAZ the Shield-Bearer (level 7, -2/56 HPs)
             Began as a Formicid Fighter on Jan 20, 2020.
             Slain by a slave (5 damage)
             ... led by Pikel
             ... on level 4 of the Dungeon.
             The game lasted 00:06:24 (3836 turns).

ReteAZ the Shield-Bearer (Formicid Fighter)         Turns: 3836, Time: 00:06:24

Health: -2/56      AC:  9    Str: 21    XL:     7   Next: 85%
Magic:  7/7        EV:  6    Int:  8    God:
Gold:   271        SH: 10    Dex: 11    Spells: 6/6 levels left

rFire    . . .     SeeInvis +   x - +1 war axe (freeze)
rCold    . . .     Gourm    .   c - +0 shield
rNeg     . . .     Faith    .   s - +0 chain mail
rPois    .         Spirit   .   (helmet unavailable)
rElec    .         Reflect  .   (no cloak)
rCorr    .         Harm     .   (no gloves)
MR       .....                  (no boots)
Stlth    ..........             (no amulet)
HPRegen  0.18/turn              (no ring)
MPRegen  0.10/turn              (no ring)

@: no status effects
A: permanent stasis, dig shafts and tunnels, four strong arms, antennae 3
a: Dig, Shaft Self


You were on level 4 of the Dungeon.
You were not hungry.

You visited 1 branch of the dungeon, and saw 5 of its levels.

You collected 271 gold pieces.

Inventory:

Hand Weapons
 a - a +0 war axe
 v - a +0 broad axe
 x - a +1 war axe of freezing (weapon)
Armour
 b - a +0 scale mail
 c - a +0 shield (worn)
 s - a +0 chain mail (worn)
Jewellery
 n - an uncursed amulet of rage {unknown}
Wands
 d - a wand of clouds (4)
 r - a wand of scattershot (5)
 z - a wand of flame (16)
Scrolls
 e - 2 scrolls of blinking {unknown}
 h - a scroll of magic mapping {unknown}
 k - a scroll of teleportation {unknown}
 l - 3 scrolls of enchant weapon {unknown}
 p - 4 scrolls of remove curse {unknown}
 t - 2 scrolls of amnesia {unknown}
 u - a scroll of random uselessness {unknown}
 y - a scroll of identify {unknown}
 A - a scroll of noise {unknown}
Potions
 i - 2 potions of flight {unknown}
 j - a potion of resistance {unknown}
 m - 5 potions of curing {unknown}
 o - a potion of invisibility {unknown}
 q - a potion of haste {unknown}
 w - a potion of heal wounds {unknown}
Comestibles
 f - 9 rations


   Skills:
 - Level 5.1 Fighting
 * Level 5.3 Axes
 - Level 5.0 Armour
 + Level 5.6 Shields


You had 6 spell levels left.
You didn't know any spells.
Your spell library contained the following spells:

 Spells                   Type           Power        Failure   Level  Hunger
 Confusing Touch          Hex            #.......     100%        3    ####...
 Gell's Gravitas          Tloc           #.........   100%        3    ####...
 Petrify                  Tmut/Erth      #.......     100%        4    #####..
 Metabolic Englaciation   Hex/Ice        #.........   100%        5    ######.
 Yara's Violent Unravell  Hex/Tmut       #.........   100%        5    ######.


Dungeon Overview and Level Annotations

Branches:
Dungeon (5/15)
 Temple: D:4-7

Altars:
Hepliaklqana
Trog

Annotations:
D:4 Pikel


Innate Abilities, Weirdness & Mutations

You cannot be hasted, slowed, berserked, paralysed or teleported.
You can dig through walls and to a lower floor.
Your four strong arms can wield two-handed weapons with a shield.
You have a pair of large antennae on your head. (SInv)


Message History

Pikel smiles. "I know this place well.
And it is filled with the corpses of daring fools like you!
Won't you join me?"
Pikel hits you with a +0 whip of electrocution.
You block the slave's attack.
You hit Pikel. You freeze Pikel.
Pikel is moderately wounded.
You slash the slave! You freeze the slave. You block Pikel's attack.
The slave barely misses you.
You closely miss Pikel.
Pikel is moderately wounded.
You miss the slave. Pikel hits you but does no damage.
You are electrocuted!
* * * LOW HITPOINT WARNING * * *
The slave hits you.
* * * LOW HITPOINT WARNING * * *
Pikel hits you but does no damage.
You are electrocuted!
* * * LOW HITPOINT WARNING * * *
You closely miss Pikel.
Pikel is moderately wounded.
Your chain mail prevents you from hitting the slave.
The slave hits you.
You die...

...#### #..........#.......#
##.# #....>.....#.......#
...### ##........##.......#
.#...#######......###########
####.##..<.....#### #
#..........##
######........### ..#
##.......pp####
#.#####.......#K@..##
#.##..........####..#
)....##.......# ##.##
##......####### #..##
#######.....# ##..##
#####.#### ##..# # #....###
##.# ### ########...## #.##
..#####....# ###..# #..#


You could see Pikel and 2 slaves.

Vanquished Creatures
  Menkaure (D:4)
  An ogre (D:4)
  A hound (D:4)
  An orc priest (D:4)
  Ijyb (D:3)
  Terence (D:3)
  An iguana (D:4)
  An orc wizard (D:3)
  A worker ant (D:4)
  3 gnolls (D:3)
  11 adders
  3 oozes
  5 worms
  3 dart slugs
  A leopard gecko (D:3)
  9 orcs
  4 giant cockroaches
  14 goblins
  9 hobgoblins
  8 jackals
  A quokka (D:2)
  A ball python (D:3)
  10 bats
  4 frilled lizards
  6 kobolds
  A quokka skeleton (D:4)
  10 rats
112 creatures vanquished.

Notes
Turn   | Place    | Note
-------+----------+-------------------------------------------
     0 | D:1      | ReteAZ the Formicid Fighter began the quest for the Orb.
     0 | D:1      | Reached XP level 1. HP: 18/18 MP: 1/1
    48 | D:1      | Reached XP level 2. HP: 16/24 MP: 2/2
   314 | D:1      | Reached XP level 3. HP: 29/29 MP: 3/3
   832 | D:2      | Reached XP level 4. HP: 37/37 MP: 4/4
  1148 | D:2      | Reached XP level 5. HP: 32/42 MP: 5/5
  1451 | D:2      | Noticed a moth of wrath
  1454 | D:2      | Found a bloodstained altar of Trog.
  1744 | D:3      | Noticed Ijyb
  1759 | D:3      | Killed Ijyb
  1846 | D:3      | Reached XP level 6. HP: 35/48 MP: 6/6
  1991 | D:3      | Noticed Terence
  2015 | D:3      | Killed Terence
  2035 | D:3      | Found a faded altar of an unknown god.
  2912 | D:3      | Found a hazy altar of Hepliaklqana.
  2960 | D:4      | You fall into a shaft and drop 1 floor!
  2960 | D:5      | Entered Level 5 of the Dungeon
  2961 | D:5      | Noticed a sky beast
  2963 | D:5      | Noticed an ogre
  2985 | D:4      | Killed an ogre
  2985 | D:4      | Reached skill level 5 in Shields
  2991 | D:4      | Reached XP level 7. HP: 30/55 MP: 7/7
  3433 | D:4      | Reached skill level 5 in Axes
  3628 | D:4      | Noticed Menkaure
  3640 | D:4      | Killed Menkaure
  3640 | D:4      | Reached skill level 5 in Fighting
  3640 | D:4      | Reached skill level 5 in Armour
  3815 | D:5      | Noticed Pikel
  3835 | D:4      | HP: 2/56 [Pikel/+0 whip of electrocution (11)]
  3836 | D:4      | Slain by a slave

Levels and vault maps discovered:
D:1:      minmay_arrival_split_and_join, layout_loops_ring
D:2:      layout_basic, tgw_trog, first_ration, minmay_misc_feat_five, hex_large
D:3:      layout_loops_ring, lemuel_coloured_pillars_altar,
          chequers_ecumenical_altar_simple_redux, grunt_ministairs_5, uniq_ijyb,
          uniq_terence
D:4:      layout_rooms, uniq_menkaure
D:5:      minmay_angry_zag, layout_cave_pools,
          nemelex_xobeh_ov_fountains_minmay, uniq_pikel, uniq_sigmund,
          uniq_grinder

Skill      XL: |  1  2  3  4  5  6  7 |
---------------+----------------------+-----
Shields        | 4 5 |  5.6
Axes           | 3 4 5 |  5.3
Fighting       | 4 5 |  5.1
Armour         | 4 5 |  5.0

Action                   |  1- 3 |  4- 6 |  7- 9 || total
-------------------------+-------+-------+-------++-------
Melee: War axe           |    82 |   217 |    77 ||   376
       Broad axe         |       |    37 |       ||    37
Evoke: Wand              |       |     1 |       ||     1
  Use: Potion            |       |     1 |       ||     1
  Eat: Chunk             |       |     7 |     3 ||    10
Armor: Scale mail        |    37 |    82 |       ||   119
       Chain mail        |       |    36 |    33 ||    69
Dodge: Dodged            |    28 |   100 |    20 ||   148
Block: Shield            |    35 |   168 |    40 ||   243

Table legend:
 A = Non-vault XP
 B = Vault XP
 C = Vault XP percentage of total XP
 D = Non-vault monster count
 E = Vault monster count
 F = Vault count percentage of total count
                 A         B        C        D         E       F
            +---------+---------+-------+---------+---------+-------
      Total |     671 |     265 |  28.3 |     103 |       9 |   8.0
            +---------+---------+-------+---------+---------+-------
        D:1 |      64 |       0 |   0.0 |      29 |       0 |   0.0
        D:2 |     100 |      17 |  14.5 |      28 |       5 |  15.2
        D:3 |     144 |      73 |  33.6 |      29 |       3 |   9.4
        D:4 |     363 |     175 |  32.5 |      17 |       1 |   5.6
            +---------+---------+-------+---------+---------+-------
